 Dungeon Crawl Stone Soup version 0.24.0 (webtiles) character file.

Game seed: 6430349290363146560, levelgen mode: deterministic

16324 Buxparty the Spear-Bearer (level 12, -1/97 HPs)
             Began as a Mummy Gladiator on Jan 26, 2020.
             Was an Initiate of Gozag.
             Killed from afar by a rime drake (15 damage)
             ... with a flash freeze
             ... on level 1 of the Lair of Beasts.
             The game lasted 00:39:28 (13494 turns).

Buxparty the Spear-Bearer (Mummy Gladiator)        Turns: 13494, Time: 00:39:29

Health: -1/97      AC: 28    Str: 22    XL:     12   Next: 9%
Magic:  12/12      EV:  8    Int:  7    God:    Gozag
Gold:   274        SH:  0    Dex: 14    Spells: 11/11 levels left

rFire    x . .     SeeInvis .   w - +4 halberd
rCold    + + +     Gourm    .   (shield currently unavailable)
rNeg     + + +     Faith    .   I - +4 plate armour {rC+}
rPois    ∞         Spirit   .   c - +0 helmet
rElec    .         Reflect  .   m - +0 cloak
rCorr    .         Harm     .   a - +0 pair of gloves
MR       +....                  A - +0 pair of boots
Stlth    ..........             b - amulet of magic regeneration
HPRegen  0.26/turn              l - ring of protection from cold
MPRegen  0.38/turn              E - +5 ring of protection

@: about to teleport
A: no food or potions, fire vulnerability, cold resistance 1, negative energy
resistance 3, torment resistance, unbreathing
a: Potion Petition, Call Merchant, Bribe Branch, Renounce Religion


You were on level 1 of the Lair of Beasts.
You worshipped Gozag.
Gozag was aware of your devotion.
You were not hungry.

You visited 2 branches of the dungeon, and saw 13 of its levels.

You collected 2957 gold pieces.
You spent 850 gold pieces at shops.
You paid 1833 gold pieces to Gozag.

Inventory:

Hand Weapons
 w - a +4 halberd (weapon)
 H - a cursed -3 hunting sling
Missiles
 d - 3 throwing nets
 i - 23 poisoned darts (quivered)
 q - 6 javelins
 z - 5 curare-tipped darts
Armour
 a - a +0 pair of gloves (worn)
 c - a +0 helmet (worn)
 m - a +0 cloak (worn)
 A - a +0 pair of boots (worn)
 I - a +4 plate armour of cold resistance (worn)
Jewellery
 b - an amulet of magic regeneration (around neck)
 l - a ring of protection from cold (left hand)
 y - an uncursed ring of protection from cold
 D - an uncursed ring of magical power
 E - a +5 ring of protection (right hand)
 F - a +3 ring of protection
Wands
 f - a wand of iceblast (3)
 s - a wand of digging (3)
 v - a wand of paralysis (23)
 x - a wand of disintegration (12)
 G - a wand of acid (6)
Scrolls
 e - 11 scrolls of identify
 g - 3 scrolls of remove curse
 h - 2 scrolls of amnesia {unknown}
 j - 3 scrolls of noise {unknown}
 k - 2 scrolls of blinking {unknown}
 n - 2 scrolls of immolation {unknown}
 o - a scroll of fear {unknown}
 p - 2 scrolls of teleportation
 r - 4 scrolls of enchant armour {unknown}
 t - a scroll of vulnerability {unknown}
 u - 2 scrolls of magic mapping {unknown}
 B - a scroll of enchant weapon {unknown}


   Skills:
 + Level 9.9 Fighting
 * Level 11.6 Polearms
 + Level 4.4 Throwing
 + Level 8.1 Armour
 - Level 2.4 Dodging


You had 11 spell levels left.
You didn't know any spells.
Your spell library contained the following spells:

 Spells                   Type           Power        Failure   Level  Hunger
 Animate Skeleton         Necr           N/A          100%        1    N/A
 Pain                     Necr           #...         100%        1    N/A
 Vampiric Draining        Necr           #.........   100%        3    N/A
 Animate Dead             Necr           N/A          100%        4    N/A
 Regeneration             Chrm/Necr      Unusable     N/A         3    N/A

Dungeon Overview and Level Annotations

Branches:
Dungeon (11/15)            Temple (0/1) D:6            Lair (2/6) D:11
  Swamp: Lair:2-4    Shoals: Lair:2-4     Snake: Lair:2-4    Spider: Lair:2-4
    Orc: D:9-12

Altars:
Cheibriados
Dithmenos
Gozag
Hepliaklqana
Kikubaaqudgha
Nemelex Xobeh
Qazlal
Ru
Trog
Uskayaw
Wu Jian
Xom
Yredelemnul
The Shining One
Beogh

Shops:
D:6 *   D:11 [

Portals:
Trove: D:11 (give +6 demon blade)

Annotations:
D:3 3 runed translucent doors, bocco's ghost, amateur NaMo
D:9 3 runed translucent doors, Taxman66's ghost, novice KoBe


Innate Abilities, Weirdness & Mutations

You do not eat or drink.
Your flesh is vulnerable to fire.
You are immune to poison.
Your flesh is cold resistant. (rC+)
You are immune to negative energy. (rN+++)
You are immune to unholy pain and torment.
You can survive without breathing.


Message History

The wolf bites you but does no damage. The wolf barely misses you.
The wolf bites you but does no damage. The wolf bites you but does no damage.
The wolf bites you but does no damage. The wolf closely misses you. x2
The wolf barely misses you. The wolf bites you but does no damage.
The wolf bites you but does no damage. x2
The wolf barely misses you. The wolf bites you.
* * * LOW HITPOINT WARNING * * *
The wolf barely misses you.
As you read the scroll of teleportation, it crumbles to dust.
You feel strangely unstable. The wolf bites you but does no damage.
The wolf closely misses you. The wolf barely misses you. The wolf bites you.
* * * LOW HITPOINT WARNING * * *
The rime drake breathes ice at you. The flash freeze hits you!
You partially resist.
You die...
Your body crumbles into a pile of gold.

#≈≈≈≈≈≈≈≈≈≈≈≈...##########...#..
###≈≈≈≈≈≈≈≈...#.....# ######.
##≈###≈#.#.##.#...## #. ###
###......#....######## #.
#...##........)..>.###.
#..DP###..............<
#....k.....######..#...
#...hh...### #...#...
##.#..@...## #...#...
#..#.##....#####.......
##.####.......#........
#P..###.#.....#........
##P.....#.....##....#P.
##P#.#......###...###.
#####.......###### #. ##.......#
### #. #^#..###.# ##.####


You could see a five-headed hydra, a rime drake and 2 wolves.

Vanquished Creatures
  A vault guard (D:11)
  A manticore (D:11)
  A cyclops (D:11)
  2 spiny frogs (Lair:1)
  A kobold demonologist (D:11)
  A rime drake (Lair:2)
  4 trolls
  A hippogriff (D:9)
  A vampire (D:9)
  A wyvern (D:8)
  27 yaks
  2 hogs
  3 basilisks
  3 hungry ghosts
  2 swamp worms (Lair:1)
  2 wargs
  5 water moccasins
  5 porcupines
  4 orc warriors
  An ice beast (D:5)
  3 phantoms (D:8)
  5 sky beasts
  4 ogres
  3 necrophages
  3 centaurs
  7 crocodiles
  11 bullfrogs
  2 wyvern skeletons
  3 scorpions
  11 killer bees
  2 electric eels
  A howler monkey (D:5)
  3 wights (D:8)
  4 crimson imps
  2 jellies
  6 hounds
  5 orc priests
  A gnoll shaman (D:6)
  2 centaur skeletons
  4 iguanas
  11 orc wizards
  5 worker ants
  A hound zombie (D:6)
  A howler monkey skeleton (D:10)
  17 adders
  4 gnolls
  A shadow imp (D:6)
  A white imp (D:4)
  2 oozes
  2 adder skeletons
  3 worms
  2 dart slugs (D:2)
  10 leopard geckos
  69 orcs
  6 giant cockroaches
  8 goblins
  8 hobgoblins
  18 jackals
  5 quokkas
  3 bats
  6 frilled lizards
  2 goblin skeletons (D:4)
  A hobgoblin zombie (D:4)
  6 kobolds
  A kobold zombie (D:4)
  3 orc skeletons (D:4)
  3 orc zombies (D:4)
  A quokka skeleton (D:9)
  4 rats
354 creatures vanquished.

Vanquished Creatures (others)
  An orc wizard (D:11)
  A fungus (Lair:1)
  2 plants (Lair:1)
4 creatures vanquished.

Grand Total: 358 creatures vanquished

Notes
Turn   | Place    | Note
-------+----------+-------------------------------------------
     0 | D:1      | Buxparty the Mummy Gladiator began the quest for the Orb.
     0 | D:1      | Reached XP level 1. HP: 16/16 MP: 1/1
   128 | D:1      | Reached XP level 2. HP: 21/22 MP: 2/2
   582 | D:2      | Reached skill level 3 in Polearms
   712 | D:2      | Reached skill level 1 in Armour
   712 | D:2      | Reached XP level 3. HP: 20/28 MP: 3/3
  1131 | D:2      | Reached XP level 4. HP: 24/34 MP: 4/4
  1512 | D:3      | Found a basalt altar of Yredelemnul.
  1515 | D:3      | Found a snail-covered altar of Cheibriados.
  1518 | D:3      | Found a sacrificial altar of Ru.
  1521 | D:3      | Found an ancient bone altar of Kikubaaqudgha.
  1569 | D:3      | Found a runed translucent gate.
  1570 | D:3      | Found a runed translucent gate.
  1571 | D:3      | Found a runed translucent gate.
  1573 | D:3      | Noticed bocco's ghost (amateur NaMo)
  1749 | D:4      | Reached XP level 5. HP: 39/41 MP: 5/5
  1961 | D:3      | Reached skill level 4 in Polearms
  2202 | D:4      | Found a glowing golden altar of the Shining One.
  2485 | D:4      | Reached XP level 6. HP: 32/47 MP: 6/6
  2599 | D:4      | Found a shimmering altar of Xom.
  2600 | D:4      | Found a hide-covered altar of Uskayaw.
  2600 | D:4      | Found a hazy altar of Hepliaklqana.
  2600 | D:4      | Found a bloodstained altar of Trog.
  3241 | D:4      | Found a stormy altar of Qazlal.
  3259 | D:4      | Found an opulent altar of Gozag.
  3267 | D:4      | Became a worshipper of Gozag Ym Sagoz the Greedy
  3298 | D:5      | Entered Level 5 of the Dungeon
  3345 | D:5      | Reached skill level 5 in Polearms
  3345 | D:5      | Reached XP level 7. HP: 54/54 MP: 7/7
  3629 | D:5      | Found a shadowy altar of Dithmenos.
  4041 | D:6      | Found a staircase to the Ecumenical Temple.
  4379 | D:6      | Reached skill level 6 in Polearms
  4394 | D:6      | Reached XP level 8. HP: 47/61 MP: 8/8
  4475 | D:6      | Found Omisamee's General Store.
  4562 | D:6      | Reached skill level 5 in Fighting
  4787 | D:6      | Found a sacrificial altar of Ru.
  5042 | D:7      | Reached skill level 7 in Polearms
  5277 | D:7      | Found an ornate altar of the Wu Jian Council.
  5684 | D:8      | Reached XP level 9. HP: 67/69 MP: 9/9
  6007 | D:8      | Reached skill level 5 in Armour
  6078 | D:8      | Reached skill level 8 in Polearms
  7357 | D:9      | Reached skill level 9 in Polearms
  7442 | D:9      | Reached XP level 10. HP: 74/79 MP: 10/10
  8234 | D:9      | Found a runed translucent gate.
  8234 | D:9      | Found a runed translucent gate.
  8234 | D:9      | Found a runed translucent gate.
  8254 | D:9      | Noticed Taxman66's ghost (novice KoBe)
  8255 | D:9      | Identified the +6 trident of Roowap {freeze, rN+ Stlth+}
  8256 | D:9      | Found a roughly hewn altar of Beogh.
  9070 | D:9      | Reached skill level 10 in Polearms
  9216 | D:9      | Found a sparkling altar of Nemelex Xobeh.
  9313 | D:10     | Entered Level 10 of the Dungeon
  9840 | D:10     | Reached XP level 11. HP: 76/87 MP: 11/11
 10803 | D:11     | Found a staircase to the Lair.
 11613 | D:11     | Noticed a vault guard
 11636 | D:11     | Killed a vault guard
 11636 | D:11     | Reached skill level 11 in Polearms
 11646 | D:11     | Found a portal to a secret trove of treasure.
 12263 | Lair:1   | Entered Level 1 of the Lair of Beasts
 12902 | D:11     | Bought a +4 plate armour of cold resistance for 850 gold
                  | pieces
 12932 | Lair:1   | Noticed a five-headed hydra
 12963 | Lair:2   | Reached XP level 12. HP: 53/97 MP: 12/12
 13494 | Lair:1   | Killed from afar by a rime drake

Levels and vault maps discovered:
D:1:      dpeg_arrival_rooms_c, layout_loops_ring
D:2:      layout_loops_ring
D:3:      layout_rooms, grunt_temple_overflow_cloverleaf, first_ration,
          gammafunk_ghost_split
D:4:      layout_loops_cross, nicolae_overflow_hidden_temple,
          chequers_temple_overflow_statue_of_worship,
          nicolae_tso_besieged_by_evil,
          nicolae_gozag_cash_rules_everything_around_me
D:5:      layout_basic, lemuel_crystal_altar
D:6:      layout_basic, minmay_temple_entry_poolview, serial_shops,
          nicolae_shop_behind_doors, nicolae_ru_awakened_eye
D:7:      layout_rooms, kennysheep_mini_moat, enter_ossuary_4, grunt_livestock,
          chequers_serial_rivers_small_3, eino_tiny_chamber,
          minmay_misc_feat_square, uniq_harold
D:8:      layout_loops_ring
D:9:      layout_roguey [special_room_orc], old_standard_altar,
          biasface_ghost_orc_armoury, kennysheep_decorative_pillar,
          minmay_fractal_squares_diagonal_5
D:10:     layout_basic
D:11:     layout_cave_pods, erik_lair_orcish_takeover, enter_trove_5,
          minmay_misc_feat_ornament
Lair:1:   layout_misc_corridors, minmay_lair_oklob_items, worms_lemuel
Lair:2:   lemuel_reptile_caves, layout_chaotic_city, elwin_shoals_entry_stream,
          grunt_megastairs_5
